AoeStats
← τττArena Only

Nomad

507763967Analyzed
4v4 RM · 14d ago on Sep 19, 2026· 37m 28s· 8 players
Game mode
Random Map
Map size
231×231
Population
200
Speed
Normal
Resources
Standard
Victory
Conquest
Starting age
Dark Age
Ending age
Imperial Age
RankedLock teamsTeams togetherTeam positionsShared explorationLock speedFull tech treeHidden civsTurbo modeCheats
Victory
Defeat
🇮🇳 Mongols · India
1431
+13
🇨🇳 Chinese · China
1370
+15
🇹🇼 Vietnamese · Taiwan
1331
+16
🇹🇼 Huns · Taiwan
1323
+17
🇧🇷 Huns · Brazil
1360
-16
🇧🇷 Turks · Brazil
1349
-15
🇺🇸 Dravidians · United States
1344
-15
🇨🇳 Vietnamese · China
1341
-15
Bogo
10:30 Loom
12:40 Feudal Age
13:12 Double-Bit Axe
13:20 Gold Mining
13:32 Fishing Lines
15:56 Forging
20:47 Castle Age
18:56 Stone Mining
19:00 Fletching
21:43 Bodkin Arrow
22:10 Bow Saw
22:19 Medium Warships
22:36 Padded Archer Armor
25:29 Leather Archer Armor
32:37 Imperial Age
30:53 Guard Tower
31:24 Ballistics
31:16 Masonry
31:55 Murder Holes
33:33 Bracer
35:08 Two-Man Saw
37:16 Chemistry
38:19 Wheelbarrow
l3av3x
4:56 Loom
13:45 Feudal Age
17:50 Castle Age
15:38 Double-Bit Axe
19:01 Bow Saw
19:44 Padded Archer Armor
19:28 Horse Collar
21:35 Leather Archer Armor
29:43 Wheelbarrow
30:45 Hand Cart
30:36 Town Watch
31:25 Heavy Plow
37:56 Imperial Age
37:22 Fletching
Kuroko
3:32 Loom
15:10 Feudal Age
16:55 Double-Bit Axe
19:25 Castle Age
17:37 Fletching
18:36 Padded Archer Armor
iiiiice
11:08 Loom
17:15 Feudal Age
22:51 Castle Age
22:35 Double-Bit Axe
25:17 Castle Age
26:08 Bow Saw
30:49 Fishing Lines
32:29 Wheelbarrow
34:42 Gold Mining
34:43 Stone Mining
40:16 Imperial Age
[TAIDA] WH
8:52 Loom
13:35 Feudal Age
17:44 Castle Age
16:23 Bloodlines
16:34 Scale Barding Armor
16:16 Double-Bit Axe
17:40 Gold Mining
21:13 Chain Barding Armor
22:39 Horse Collar
24:10 Loom
32:26 Bow Saw
32:56 Wheelbarrow
33:54 Stone Mining
34:35 Forging
34:45 Heavy Plow
35:59 Husbandry
pasonnosap
3:02 Loom
19:34 Feudal Age
20:34 Double-Bit Axe
21:16 Gold Mining
21:49 Horse Collar
25:23 Wheelbarrow
29:56 Castle Age
28:11 Fishing Lines
30:08 Elite Skirmisher
31:22 Bow Saw
31:04 Fletching
31:15 Padded Archer Armor
34:21 Imperial Age
32:39 Ballistics
33:02 Bodkin Arrow
35:03 Leather Archer Armor
36:39 Chemistry
39:03 Two-Man Saw
τττArena Only
3:11 Loom
14:08 Feudal Age
17:47 Castle Age
16:53 Fishing Lines
18:30 Fletching
18:39 Double-Bit Axe
23:09 Bodkin Arrow
23:38 Gold Mining
26:03 Wheelbarrow
27:41 Padded Archer Armor
27:35 Horse Collar
29:09 Gold Shaft Mining
32:26 Imperial Age
30:33 Heavy Plow
32:26 Gillnets
33:26 Bracer
33:42 Leather Archer Armor
35:22 Chemistry
34:43 Ballistics
33:45 Capped Ram
34:22 Stone Mining
34:48 Bow Saw
35:57 Siege Ram
NUR
5:20 Loom
13:51 Feudal Age
16:22 Horse Collar
19:22 Castle Age
18:13 Double-Bit Axe
21:02 Wheelbarrow
23:58 Fletching
28:02 Bodkin Arrow
28:08 Padded Archer Armor
28:20 Husbandry
29:56 Gold Mining
30:42 Leather Archer Armor
31:17 Bloodlines
34:29 Town Watch
37:23 Ballistics
37:14 Masonry
Connection lost

Rejoining the realm…

Still unreachable

The connection could not be restored.

Session expired

The server has moved on; the page needs a fresh start.